Map: Fear and Faith LE

Players

Vaeda (HiGhDrA) - Winner!

  • Race: Protoss Protoss
  • League: Master
  • Spawn Location: 7:00

Cellsidus

  • Race: Zerg Zerg
  • League: Grandmaster
  • Spawn Location: 1:00

VOD

Have the link to the VOD?

Description

Time

  • Played on: July 4, 2026, 8:56 a.m.
  • Length: 2:36
Show
View Real Time Build Order
Export as new Build Order

Vaeda Protoss - Winner!

Build Orders:  

Get SALT Encoding   

  8  0:00  Probe  
  9  0:12  Probe  
  10  0:24  Probe  
  11  0:34  Pylon  
  11  0:37  Probe  
  12  0:49  Probe (Chrono Boost)  
  13  1:01  Probe (Chrono Boost)  
  13  1:04  Forge  
  14  1:07  Probe (Chrono Boost)  
  15  1:24  Probe  
  15  1:25  Gateway  
  16  1:36  Photon Cannon  
  16  1:39  Probe  
  17  1:58  Gateway  
  17  2:00  Probe  
  18  2:11  Zealot (Chrono Boost)  
  20  2:16  Gateway  
  20  2:19  Pylon  
Show
View Real Time Build Order
Export as new Build Order

Cellsidus Zerg 

Build Orders: Pool Only 

Get SALT Encoding   

  8  0:00  Drone  
  9  0:27  Spawning Pool  
  8  0:35  Drone  
  9  0:42  Drone  
  10  0:55  Overlord  
  10  1:14  Zergling x6  
  13  1:25  Zergling x2  
  14  1:35  Zergling x2  
  15  1:45  Zergling x2  
  16  1:54  Zergling x2  
Tags
 
Matchup
PvZ
Opening
Pool Only
Player
HiGhDrA
Replay Pack
hsc29
Spawn Locations
Cross Positions
Add a new tag
Caveats
  • Supply blocks, unpowered buildings, or Contaminate may cause inaccurate times.
  • Supply counts are checked every 10 seconds.